AoeStats
← F I S H

Four Lakes

509344352Analyzed
1v1 RM · 7d ago on Sep 26, 2026· 26m 51s· 2 players
Game mode
Random Map
Map size
Tiny (2 player)
Population
200
Speed
Normal
Resources
Standard
Victory
Conquest
Starting age
Dark Age
Ending age
Imperial Age
RankedLock teamsTeams togetherTeam positionsShared explorationLock speedFull tech treeHidden civsTurbo modeCheats
Victory
Defeat
🇮🇹 Magyars · Italy
1685
+13
🇬🇷 Varangians · Greece
1627
-13
costel98
3:10 Loom
10:48 Feudal Age
11:22 Double-Bit Axe
13:50 Wheelbarrow
15:56 Fletching
17:59 Scale Mail Armor
18:16 Man-at-Arms
20:30 Horse Collar
21:15 Forging
23:57 Castle Age
23:14 Padded Archer Armor
23:33 Gold Mining
24:29 Bloodlines
25:13 Squires
F I S H
7:59 Loom
10:08 Feudal Age
10:50 Double-Bit Axe
14:37 Town Watch
16:33 Fishing Lines
18:48 Gold Mining
22:19 Castle Age
20:29 Scale Barding Armor
21:12 Bloodlines
22:52 Gillnets
23:13 Bow Saw
23:25 Chain Barding Armor
23:18 Husbandry
26:12 Stone Mining
26:59 Gold Shaft Mining
Connection lost

Rejoining the realm…

Still unreachable

The connection could not be restored.

Session expired

The server has moved on; the page needs a fresh start.